cohdb
Replays
Latest Replays
All Replays
Popular Replays
Top Player Replays
Match Explorer
How It Works
Community
CoH3 Stats
Reddit
Sign in to upload your games and track your stats! →
Sign in with Steam
Match 44382642
Unlisted
Match 44382642
Overview
Messages
Build Orders
End
Construct Section Command Post
Royal Engineer Section
Infantry Section
Infantry Section
Infantry Section
Selects Canadian Shock Battlegroup
Selects Attacking Spirit
Construct Platoon Command Post
Humber Armored Car
Infantry Training
Construct Field Infirmary
Selects Incendiary Munitions
Grenade Package
6-pounder Anti-tank Gun Team
Anticafe
Cpt Darling
0
0
Comments
sign in to comment!
No comments posted yet!